 Dungeon Crawl Stone Soup version 0.31-a0-841-g038b102fc3 (webtiles) character file.

Game seed: 2886086630039277347

63 CraigForest the Changeling (level 3, -9/28 HPs)
             Began as a Draconian Shapeshifter on Sept 27, 2023.
             Mangled by Terence
             ... wielding a +3 flail
              (12 damage)
             ... on level 2 of the Dungeon.
             The game lasted 00:02:26 (879 turns).

CraigForest the Changeling (Draconian Shapeshifter)  Turns: 879, Time: 00:02:26

Health: -9/28      AC:  5    Str: 18    XL:     3   Next: 87%
Magic:  12/12      EV: 12    Int: 10    God:
Gold:   48         SH:  0    Dex: 10    Spells: 2/2 levels left

rFire   . .          .
                       - Unarmed
rCold   . . .        (no shield)
rNeg    . . .        (body armour unavailable)
rPois   .            (helmet currently unavailable)
rElec   .            (cloak currently unavailable)
rCorr   .            (gloves currently unavailable)
SInv    .            (boots currently unavailable)
Will    .....        (no amulet)
Stlth   +            g - ring of magical power
HPRegen 0.24/turn    (no ring)
MPRegen 0.13/turn

%: no passive effects
@: mighty, beast-form
A: beast (slay +2), AC +5, unfitting armour, cold-blooded
a: Begin Untransformation


You were on level 2 of the Dungeon.
You were a hulking beast.
You visited 1 branch of the dungeon, and saw 2 of its levels.

You collected 48 gold pieces.

Inventory:

Hand Weapons
 h - a +2 dagger of protection
Jewellery
 g - a ring of magical power (left hand)
Talismans
 b - a beast talisman (active)
 c - a flux talisman
Scrolls
 e - a scroll of enchant weapon {unknown}
 f - a scroll of identify
Potions
 a - a potion of lignification
 i - a potion of cancellation {unknown}


   Skills:
 + Level 1.1 Fighting
 + Level 2.3 Dodging
 + Level 3.6 Unarmed Combat
 + Level 3.8 Shapeshifting


You had 2 spell levels left.
You didn't know any spells.
Your spell library contained the following spells:

 Spells                   Type           Power      Damage    Failure   Level
 Stone Arrow              Conj/Erth      0%         3d7       75%         3
 Lehudib's Crystal Spear  Conj/Erth      0%         10d2      100%        8
 Animate Armour           Summ/Erth      Unusable   N/A       N/A         4

Dungeon Overview and Level Annotations

Branches:
Dungeon (2/15)

Altars:
The Shining One

Shops:
D:1 (

Annotations:
D:2 Terence


Innate Abilities, Weirdness & Mutations

You are a hulking beast.
Your limbs bulge with bestial killing power. (Slay +2)
Your plain brown scales are hard. (AC +5)
You cannot fit into any form of body armour.
You are cold-blooded and may be slowed by cold attacks.


Message History

You are too injured to fight recklessly!
You are too injured to fight recklessly!
You are too injured to fight recklessly!
You are too injured to fight recklessly!
You are too injured to fight recklessly!
You are too injured to fight recklessly!
You are too injured to fight recklessly!
You are too injured to fight recklessly!
You are too injured to fight recklessly!
You are too injured to fight recklessly!
You are too injured to fight recklessly!
You are too injured to fight recklessly!
You are too injured to fight recklessly!
You are too injured to fight recklessly!
You are too injured to fight recklessly!
The jackal misses you. Terence attacks as he pursues you!
Terence closely misses you.
An endoplasm comes into view.
Found 2 stones.
Found a glowing golden altar of the Shining One.
The jackal barely misses you.
Found 12 gold pieces.
Found a stone staircase leading down.
You feel very mighty all of a sudden. The jackal bites you.
* * * LOW HITPOINT WARNING * * *
The jackal closely misses you.
You barely miss the jackal. The jackal barely misses you.
You barely miss the jackal.
Your tail-slap misses the jackal.
The jackal bites you but does no damage.
You hit the jackal.
The jackal is almost dead.
The jackal bites you but does no damage.
The jackal misses you.
You punch the jackal!
You kill the jackal!
You barely miss Terence. Terence hits you with a +3 flail.
* * * LOW HITPOINT WARNING * * *
You barely miss Terence. Terence closely misses you.
You barely miss Terence. Terence hits you with a +3 flail!
You die...

..... #....
#.#........ .
#......... #.#
#.#.....##.# #.#
>.......)..# #.# ###
....(_..#..# #.# #..
........#..# #.# #.#
........#@.# #.# #.#
..###.h#..####.###<#
$.......@...........#
.##.............#####
#####.#.##.##.#
#.#.##.##.#
#.#.##.##.#
....##.##.#
#.####.##.# #J ......


You could see Terence.

Vanquished Creatures
  Jessica (D:2)
  3 endoplasms (D:1)
  2 giant cockroaches
  5 goblins (D:1)
  3 hobgoblins (D:1)
  4 jackals
  2 kobolds (D:1)
  2 quokkas (D:1)
  4 ball pythons (D:1)
  2 bats (D:1)
  4 frilled lizards (D:1)
  A rat (D:1)
33 creatures vanquished.

Notes
Turn   | Place    | Note
-------+----------+-------------------------------------------
     0 | D:1      | CraigForest the Draconian Shapeshifter began the quest for
                  | the Orb.
     0 | D:1      | Reached XP level 1. HP: 16/16 MP: 1/1
    28 | D:1      | Found Jaol Ysi's Weapon Boutique.
   193 | D:1      | Reached XP level 2. HP: 23/23 MP: 2/2
   546 | D:1      | Reached XP level 3. HP: 26/28 MP: 3/3
   857 | D:2      | Noticed Jessica
   858 | D:2      | Noticed Terence
   861 | D:2      | Killed Jessica
   870 | D:2      | Found a glowing golden altar of the Shining One.
   879 | D:2      | Mangled by Terence

Illustrated notes

Levels and vault maps discovered:
D:1:      lemuel_arrival_broad_hall, layout_loops_ring, serial_shops, shop
D:2:      layout_loops_ring, serial_shops, nicolae_shop_gaudy_bauble, shop,
          nicolae_shop_crystal, shop, basic_altar, uniq_terence, uniq_jessica

Skill      XL: |  1  2 |
---------------+-------+-----
Dodging        | 2 |  2.3
Fighting       | |  1.1
Unarmed Combat | |  3.6
Shapeshifting  | |  3.8

Action                     || total
---------------------------++-------
  Melee: Unarmed           ||    87
         Tailslap          ||     8
         Punch             ||     1
    Use: Scroll            ||     1
         Potion            ||     1
   Stab: Sleeping          ||     1
 Armour: Skin              ||    42
  Dodge: Dodged            ||    54

Table legend: (Time is in decaauts)
 A = Elapsed time spent in this place.
 B = Non-inter-level travel time spent in this place.
 C = Inter-level travel time spent in this place.
 D = Time resting spent in this place.
 E = Time spent auto-exploring this place.
 F = Levels seen in this place.
 G = Mean time per level.
                   A        B        C        D        E       F      G
               +--------+--------+--------+--------+--------+-----+--------+
         Total |    874 |    846 |     28 |      0 |    665 |   2 |  437.0 |
       Dungeon |    874 |    846 |     28 |      0 |    665 |   2 |  437.0 |
               +--------+--------+--------+--------+--------+-----+--------+

Top non-repeatable levels by time:
     D:1: 837 daAuts
     D:2: 37 daAuts
